[Event "Chinese Chess League 2019"]
[Site "Shen Yang"]
[Date "2019.11.21"]
[Round "16.24"]
[White "Song, Yuxin"]
[Black "Xiao, Yiyi"]
[Result "1-0"]
[ECO "C60"]
[WhiteElo "2284"]
[BlackElo "2316"]
[Annotator "ChessBase"]
[PlyCount "61"]
[EventDate "2019.04.09"]
[EventType "team-tourn"]
[EventCountry "CHN"]
[SourceTitle "playchess.com"]
[Source "ChessBase"]
[SourceQuality "1"]
[TimeControl "5400+30"]

1. e4 e5 2. Nf3 Nc6 3. Bb5 Nge7 4. O-O g6 5. d4 exd4 6. Nxd4 Bg7 7. Nxc6 bxc6 8. Ba4 O-O 9. Nc3 Rb8 10. Qf3 d6 11. Rb1 h6 12. Be3 f5 13. e5 f4 14. Bxa7 Rb4 15. a3 Rxa4 16. Nxa4 Bxe5 17. Rfe1 Bf5 18. Qb3+ Nd5 19. f3 Kh7 20. Rbd1 Qg5 21. c4 Ne7 22. Be3 fxe3 23. Qxe3 Bc2 24. Qxg5 hxg5 25. Rxe5 dxe5 26. Rd7 Kh6 27. Nc5 g4 28. fxg4 Rf4 29. g5+ Kh5 30. Ne6 Rxc4 31. h3 1-0

[Event "Chinese Chess League 2019"]
[Site "Shen Yang"]
[Date "2019.11.21"]
[Round "16.30"]
[White "Zhao, Shengxin"]
[Black "Ni, Shiqun"]
[Result "0-1"]
[ECO "D27"]
[WhiteElo "2099"]
[BlackElo "2391"]
[Annotator "ChessBase"]
[PlyCount "51"]
[EventDate "2019.04.09"]
[EventType "team-tourn"]
[EventCountry "CHN"]
[SourceTitle "playchess.com"]
[Source "ChessBase"]
[SourceQuality "1"]
[TimeControl "5400+30"]

1. d4 d5 2. c4 dxc4 3. Nf3 Nf6 4. e3 e6 5. Bxc4 c5 6. O-O a6 7. Bb3 Be7 8. Nc3 Nc6 9. Qe2 O-O 10. Rd1 Qc7 11. e4 cxd4 12. Nxd4 Nxd4 13. Rxd4 b5 14. e5 Nd7 15. Bf4 Bb7 16. Bc2 Rfd8 17. Rc1 Rac8 18. Ne4 Bxe4 19. Bxe4 Qxc1+ 20. Bxc1 Rxc1+ 21. Rd1 Rxd1+ 22. Qxd1 Nc5 23. Qc2 Nxe4 24. f3 Bc5+ 25. Kf1 Nd2+ 26. Ke1 0-1

[Event "Chinese Chess League 2019"]
[Site "Shen Yang"]
[Date "2019.11.22"]
[Round "17.1"]
[White "Xu, Yi"]
[Black "Liu, Qingnan"]
[Result "1/2-1/2"]
[ECO "C42"]
[WhiteElo "2541"]
[BlackElo "2535"]
[Annotator "ChessBase"]
[PlyCount "60"]
[EventDate "2019.04.09"]
[EventType "team-tourn"]
[EventCountry "CHN"]
[SourceTitle "playchess.com"]
[Source "ChessBase"]
[SourceQuality "1"]
[TimeControl "5400+30"]

1. e4 e5 2. Nf3 Nf6 3. Nxe5 d6 4. Nf3 Nxe4 5. d4 d5 6. Bd3 Bd6 7. O-O O-O 8. c4 c6 9. Qc2 Na6 10. a3 f5 11. Nc3 Nc7 12. b4 Nxc3 13. Qxc3 dxc4 14. Bg5 Qd7 15. Bxc4+ Kh8 16. Ne5 Qe8 17. Rfe1 Be6 18. Bf4 Nd5 19. Bxd5 Bxd5 20. Nf3 Qd7 21. Bxd6 Qxd6 22. Ne5 Rad8 23. Rad1 Kg8 24. f3 Rfe8 25. Qd3 g6 26. Qc3 Bf7 27. Kf2 Qd5 28. Rd2 Kg7 29. Re3 Kg8 30. Kg1 a5 1/2-1/2

[Event "Chinese Chess League 2019"]
[Site "Shen Yang"]
[Date "2019.11.22"]
[Round "17.4"]
[White "Stefanova, Antoaneta"]
[Black "Ni, Shiqun"]
[Result "1-0"]
[ECO "D27"]
[WhiteElo "2481"]
[BlackElo "2391"]
[Annotator "ChessBase"]
[PlyCount "75"]
[EventDate "2019.04.09"]
[EventType "team-tourn"]
[EventCountry "CHN"]
[SourceTitle "playchess.com"]
[Source "ChessBase"]
[SourceQuality "1"]
[TimeControl "5400+30"]

1. Nf3 d5 2. d4 Nf6 3. c4 dxc4 4. e3 e6 5. Bxc4 c5 6. O-O a6 7. Nc3 b5 8. Be2 Nbd7 9. d5 exd5 10. Nxd5 Bb7 11. Nxf6+ Qxf6 12. a4 b4 13. e4 Be7 14. Re1 Rd8 15. Qb3 Ne5 16. Nxe5 Qxe5 17. f4 Qd4+ 18. Be3 Qxe4 19. Bf3 Bd5 20. Qd1 Qe6 21. Bf2 Qc6 22. Bxd5 Rxd5 23. Qf3 Rd6 24. Qh5 Rd5 25. Re5 Rxe5 26. Qxe5 f6 27. Qb8+ Bd8 28. Re1+ Kf7 29. Rd1 Qxa4 30. Qb7+ Kg6 31. f5+ Kxf5 32. Qf3+ Kg6 33. Qg4+ Kh6 34. Be3+ g5 35. h4 Re8 36. hxg5+ fxg5 37. Rxd8 Rxe3 38. Rd6+ 1-0

[Event "Chinese Chess League 2019"]
[Site "Shen Yang"]
[Date "2019.11.22"]
[Round "17.5"]
[White "Ning, Kaiyu"]
[Black "Ju, Wenjun"]
[Result "1/2-1/2"]
[ECO "A13"]
[WhiteElo "2330"]
[BlackElo "2586"]
[Annotator "ChessBase"]
[PlyCount "64"]
[EventDate "2019.04.09"]
[EventType "team-tourn"]
[EventCountry "CHN"]
[SourceTitle "playchess.com"]
[Source "ChessBase"]
[SourceQuality "1"]
[TimeControl "5400+30"]

1. Nf3 d5 2. e3 Nf6 3. c4 e6 4. b3 Be7 5. Bb2 O-O 6. Nc3 c5 7. cxd5 exd5 8. d4 Nc6 9. Be2 b6 10. O-O Be6 11. Rc1 Ne4 12. Bd3 f5 13. dxc5 bxc5 14. Qe2 Qa5 15. Bb5 Rac8 16. Rfd1 Rfd8 17. Na4 Nb4 18. a3 Na2 19. Ra1 Rb8 20. Bc6 Nac3 21. Nxc3 Nxc3 22. Bxc3 Qxc3 23. b4 Qc4 24. Qd2 Qa6 25. b5 Qa5 26. Rac1 a6 27. Ne5 axb5 28. Nd7 Rdc8 29. Bxd5 Qa6 30. Nxc5 Rxc5 31. Rxc5 Rd8 32. Rc6 Kf8 1/2-1/2

[Event "Chinese Chess League 2019"]
[Site "Shen Yang"]
[Date "2019.11.22"]
[Round "17.8"]
[White "Lin, Yi"]
[Black "Dai, Changren"]
[Result "1/2-1/2"]
[ECO "E11"]
[WhiteElo "2425"]
[BlackElo "2509"]
[Annotator "ChessBase"]
[PlyCount "42"]
[EventDate "2019.04.09"]
[EventType "team-tourn"]
[EventCountry "CHN"]
[SourceTitle "playchess.com"]
[Source "ChessBase"]
[SourceQuality "1"]
[TimeControl "5400+30"]

1. d4 Nf6 2. c4 e6 3. Nf3 d5 4. g3 Bb4+ 5. Bd2 Be7 6. Bg2 Nbd7 7. Qc2 O-O 8. O-O c6 9. Rd1 a5 10. Bf4 b5 11. c5 Nh5 12. Bc1 f5 13. Ne5 Bb7 14. Nd2 Nhf6 15. Ndf3 Nxe5 16. Nxe5 Nd7 17. Bf4 Nxe5 18. Bxe5 Bf6 19. Bd6 Be7 20. Be5 Bf6 21. Bd6 Be7 1/2-1/2

[Event "Chinese Chess League 2019"]
[Site "Shen Yang"]
[Date "2019.11.22"]
[Round "17.9"]
[White "Munguntuul, Batkhuyag"]
[Black "Zhou, Zirun"]
[Result "1-0"]
[ECO "C77"]
[WhiteElo "2436"]
[BlackElo "2121"]
[Annotator "ChessBase"]
[PlyCount "91"]
[EventDate "2019.04.09"]
[EventType "team-tourn"]
[EventCountry "CHN"]
[SourceTitle "playchess.com"]
[Source "ChessBase"]
[SourceQuality "1"]
[TimeControl "5400+30"]

1. e4 e5 2. Nf3 Nc6 3. Bb5 a6 4. Ba4 Nf6 5. d3 b5 6. Bb3 Bc5 7. Nc3 d6 8. Nd5 h6 9. c3 Rb8 10. O-O O-O 11. Re1 Nxd5 12. Bxd5 Ne7 13. Bb3 Bb6 14. Nh4 Kh7 15. Qh5 f5 16. Nf3 fxe4 17. Ng5+ Kh8 18. Nf7+ Rxf7 19. Qxf7 Bf5 20. dxe4 Bg6 21. Qf3 Qf8 22. Qxf8+ Rxf8 23. Be3 Bxe3 24. Rxe3 Rb8 25. Re2 Be8 26. f3 Nc6 27. Bd5 Ne7 28. Be6 g6 29. Rd2 Kg7 30. b4 Kf6 31. Bb3 a5 32. bxa5 Ra8 33. a4 Rxa5 34. Rda2 bxa4 35. Bxa4 Bf7 36. Bb3 Rc5 37. Bxf7 Kxf7 38. Ra3 h5 39. Kf2 c6 40. Rb1 d5 41. Rb7 Ke6 42. Ke2 Rc4 43. Kd3 Nc8 44. exd5+ cxd5 45. Ra6+ Kf5 46. Rf7+ {[%emt 0:00:04] Ke4+ Kxe4} 1-0

[Event "Chinese Chess League 2019"]
[Site "Shen Yang"]
[Date "2019.11.22"]
[Round "17.10"]
[White "Xiao, Yiyi"]
[Black "Zhao, Shengxin"]
[Result "1/2-1/2"]
[ECO "A45"]
[WhiteElo "2316"]
[BlackElo "2099"]
[Annotator "NA"]
[PlyCount "111"]
[EventDate "2019.04.09"]
[EventType "team-tourn"]
[EventCountry "CHN"]
[SourceTitle "playchess.com"]
[Source "ChessBase"]
[SourceQuality "1"]
[TimeControl "5400+30"]

1. d4 Nf6 2. Bg5 d5 3. e3 Ne4 4. Bf4 e6 5. Bd3 c5 6. c3 Nc6 7. Nd2 Nxd2 8. Qxd2 Bd6 9. Bg3 O-O 10. f4 b6 11. Nf3 a5 12. Qe2 f5 13. O-O a4 14. a3 Bd7 15. Bh4 Qe8 $11 16. Rae1 c4 17. Bc2 b5 18. h3 Qh5 19. g3 Ne7 20. Qg2 Rae8 21. g4 Qg6 22. Re2 Kh8 23. Qh2 Qf7 24. Ng5 Qg8 25. Rg2 Bc7 26. Nf3 Ng6 27. Bg3 Qf7 28. Kh1 Qe7 29. h4 fxg4 30. Ng5 Rf6 31. Nxh7 Kxh7 32. h5 Rh8 33. Bh4 Be8 34. Rxg4 Kg8 35. Bxf6 Qxf6 36. Bxg6 Bxg6 37. Rxg6 Qf5 38. Qg2 Rxh5+ 39. Kg1 Rh7 40. Qg4 Qd3 41. Qxe6+ Kf8 42. Qc8+ Kf7 43. Qe6+ Kf8 44. Rg5 Rh1+ 45. Kxh1 Qxf1+ 46. Kh2 Qe2+ 47. Kh3 Qf3+ 48. Kh2 Qe2+ 49. Kg3 Qe1+ 50. Kg4 Qe2+ 51. Kf5 Qd3+ 52. Kg4 Qe2+ 53. Kh3 Qf3+ 54. Rg3 Qh1+ 55. Kg4 Qd1+ 56. Kg5 1/2-1/2

[Event "Chinese Chess League 2019"]
[Site "Shen Yang"]
[Date "2019.11.22"]
[Round "17.14"]
[White "Girya, Olga"]
[Black "Wang, Yu A."]
[Result "1/2-1/2"]
[ECO "D06"]
[WhiteElo "2476"]
[BlackElo "2275"]
[Annotator "ChessBase"]
[PlyCount "90"]
[EventDate "2019.04.09"]
[EventType "team-tourn"]
[EventCountry "CHN"]
[SourceTitle "playchess.com"]
[Source "ChessBase"]
[SourceQuality "1"]
[TimeControl "5400+30"]

1. d4 d5 2. c4 Bf5 3. cxd5 Bxb1 4. Qa4+ c6 5. Rxb1 Qxd5 6. Nf3 Nd7 7. a3 Qf5 8. Ra1 e5 9. Nxe5 Nxe5 10. dxe5 Qxe5 11. Qf4 Bd6 12. Qxe5+ Bxe5 13. e3 Nf6 14. Bc4 O-O 15. Ke2 Rad8 16. Rb1 Rfe8 17. a4 h5 18. Bd2 Ng4 19. Bc3 Rd6 20. h3 Bxc3 21. bxc3 Ne5 22. Bb3 Red8 23. Rhd1 Rxd1 24. Bxd1 b6 25. Bb3 Kf8 26. f4 Nd7 27. e4 Ke7 28. Ke3 f6 29. h4 Nc5 30. Bc2 g5 31. hxg5 fxg5 32. g3 Rg8 33. Rh1 gxf4+ 34. gxf4 Rg3+ 35. Kd2 Rg2+ 36. Kc1 Rg4 37. Rxh5 Rxf4 38. a5 Ke6 39. axb6 axb6 40. e5 Rf1+ 41. Kd2 Rf2+ 42. Kd1 Rf3 43. Kd2 Rf2+ 44. Kd1 Rf3 45. Kd2 Kd5 1/2-1/2

[Event "Chinese Chess League 2019"]
[Site "Shen Yang"]
[Date "2019.11.22"]
[Round "17.15"]
[White "Gu, Tianlu"]
[Black "Song, Yuxin"]
[Result "1/2-1/2"]
[ECO "B91"]
[WhiteElo "2259"]
[BlackElo "2284"]
[Annotator "ChessBase"]
[PlyCount "60"]
[EventDate "2019.04.09"]
[EventType "team-tourn"]
[EventCountry "CHN"]
[SourceTitle "playchess.com"]
[Source "ChessBase"]
[SourceQuality "1"]
[TimeControl "5400+30"]

1. e4 c5 2. Nf3 d6 3. d4 cxd4 4. Nxd4 Nf6 5. Nc3 a6 6. g3 e5 7. Nde2 Be7 8. Bg2 O-O 9. O-O b5 10. Nd5 Nbd7 11. Nec3 Nb6 12. Nxb6 Qxb6 13. Bg5 Be6 14. Bxf6 Bxf6 15. Nd5 Bxd5 16. Qxd5 Rac8 17. Qb3 Rc5 18. c3 a5 19. a3 Rb8 20. Rfd1 Be7 21. Rd2 b4 22. cxb4 axb4 23. axb4 Rb5 24. Ra4 Rxb4 25. Rxb4 Qxb4 26. Qxb4 Rxb4 27. f3 Bd8 28. Rxd6 Bb6+ 29. Kh1 Rxb2 30. Rd1 Bd4 1/2-1/2

[Event "Chinese Chess League 2019"]
[Site "Shen Yang"]
[Date "2019.11.22"]
[Round "17.16"]
[White "Zvjaginsev, Vadim"]
[Black "Liu, Yan"]
[Result "1-0"]
[ECO "A26"]
[WhiteElo "2626"]
[BlackElo "2516"]
[Annotator "RC"]
[PlyCount "89"]
[EventDate "2019.04.09"]
[EventType "team-tourn"]
[EventCountry "CHN"]
[SourceTitle "playchess.com"]
[Source "ChessBase"]
[SourceQuality "1"]
[TimeControl "5400+30"]

1. c4 Nf6 2. Nc3 e5 3. Nf3 Nc6 4. a3 d6 5. d3 g6 6. g3 Bg7 7. Bg2 O-O 8. O-O a5 9. Rb1 h6 10. b4 axb4 11. axb4 Be6 12. b5 Ne7 13. Bb2 Nd7 14. Ra1 e4 15. Nd2 exd3 16. exd3 Nc5 17. Nb3 Rxa1 18. Bxa1 b6 19. Ne4 Bxa1 20. Nbxc5 Bd4 21. Nxe6 fxe6 22. Qg4 e5 23. h4 Kg7 24. h5 Qc8 25. Qxc8 Rxc8 26. hxg6 Nxg6 27. Nd2 h5 28. Be4 h4 29. Kg2 Rf8 30. Nf3 Rf6 31. Nxd4 exd4 32. Bxg6 Kxg6 33. gxh4 Rf5 34. Kg3 d5 35. Rd1 Re5 36. Kg4 Re2 37. f4 Rc2 38. cxd5 Rc5 39. f5+ Kf6 40. h5 Rxb5 41. Rc1 Rxd5 42. Rc6+ Rd6 43. Rxd6+ cxd6 44. h6 b5 45. Kf3 1-0

[Event "Chinese Chess League 2019"]
[Site "Shen Yang"]
[Date "2019.11.22"]
[Round "17.19"]
[White "Tan, Zhongyi"]
[Black "Zhu, Jiner"]
[Result "1-0"]
[ECO "E69"]
[WhiteElo "2504"]
[BlackElo "2468"]
[Annotator "ChessBase"]
[PlyCount "105"]
[EventDate "2019.04.09"]
[EventType "team-tourn"]
[EventCountry "CHN"]
[SourceTitle "playchess.com"]
[Source "ChessBase"]
[SourceQuality "1"]
[TimeControl "5400+30"]

1. d4 Nf6 2. c4 g6 3. Nc3 Bg7 4. g3 O-O 5. Bg2 d6 6. Nf3 c6 7. O-O Qa5 8. h3 e5 9. e4 Nbd7 10. Be3 exd4 11. Nxd4 Nb6 12. Nb3 Qh5 13. Nd2 Be6 14. c5 Qxd1 15. Rfxd1 dxc5 16. Bxc5 Rfd8 17. f4 Nh5 18. Nf1 Nc4 19. e5 Nxb2 20. Rxd8+ Rxd8 21. Bxa7 f6 22. Rb1 fxe5 23. f5 gxf5 24. Rxb2 e4 25. Rc2 Rd3 26. Ne2 Ra3 27. Bc5 Rxa2 28. Rxa2 Bxa2 29. Ne3 Be6 30. Kf2 Be5 31. g4 fxg4 32. Nxg4 Bxg4 33. hxg4 Nf6 34. g5 Ng4+ 35. Ke1 Bc7 36. Bxe4 Bd8 37. Bf5 Ne5 38. Be6+ Nf7 39. Nf4 Kg7 40. Bd4+ Kf8 41. Bf6 Bxf6 42. gxf6 Ng5 43. Ba2 Nf3+ 44. Ke2 Ne5 45. Be6 b5 46. Ke3 c5 47. Ke4 Nf7 48. Bd5 Nd6+ 49. Ke5 Nf7+ 50. Bxf7 Kxf7 51. Ne6 Ke8 52. Nxc5 Kf7 53. Ne6 1-0

[Event "Chinese Chess League 2019"]
[Site "Shen Yang"]
[Date "2019.11.22"]
[Round "17.20"]
[White "Lei, Tingjie"]
[Black "Ding, Yixin"]
[Result "1/2-1/2"]
[ECO "E08"]
[WhiteElo "2485"]
[BlackElo "2438"]
[Annotator "ChessBase"]
[PlyCount "97"]
[EventDate "2019.04.09"]
[EventType "team-tourn"]
[EventCountry "CHN"]
[SourceTitle "playchess.com"]
[Source "ChessBase"]
[SourceQuality "1"]
[TimeControl "5400+30"]

1. d4 Nf6 2. c4 e6 3. g3 Bb4+ 4. Bd2 Be7 5. Bg2 d5 6. Nf3 O-O 7. O-O c6 8. Qc2 b6 9. Bf4 Bb7 10. Rd1 Nbd7 11. Ne5 Nh5 12. Bc1 Nhf6 13. Bf4 Nh5 14. Bd2 Nhf6 15. cxd5 cxd5 16. Nc6 Bxc6 17. Qxc6 Rc8 18. Qb5 Nb8 19. Nc3 Nc6 20. Be1 Na5 21. e4 dxe4 22. Nxe4 Nc4 23. Nxf6+ Bxf6 24. Bc3 Nd6 25. Qa6 Qd7 26. a4 Rfd8 27. Qe2 Nf5 28. d5 Bxc3 29. bxc3 exd5 30. Rxd5 Qe6 31. Qa6 Rxd5 32. Bxd5 Qd7 33. Qd3 g6 34. c4 Re8 35. a5 Qc7 36. axb6 axb6 37. Qf3 h5 38. h4 Qe7 39. Rb1 Nd4 40. Qd3 Qf6 41. Be4 Kg7 42. Rd1 Ne6 43. Bd5 Nc7 44. Bg2 Ne6 45. Rb1 Nd4 46. Be4 Rxe4 47. Qxe4 Nf3+ 48. Kg2 Nd2 49. Qd3 1/2-1/2

[Event "Chinese Chess League 2019"]
[Site "Shen Yang"]
[Date "2019.11.22"]
[Round "17.21"]
[White "Zhao, Yuanhe"]
[Black "Nie, Xinyang"]
[Result "1-0"]
[ECO "A41"]
[WhiteElo "2472"]
[BlackElo "2351"]
[Annotator "ChessBase"]
[PlyCount "77"]
[EventDate "2019.04.09"]
[EventType "team-tourn"]
[EventCountry "CHN"]
[SourceTitle "playchess.com"]
[Source "ChessBase"]
[SourceQuality "1"]
[TimeControl "5400+30"]

1. c4 d6 2. Nc3 e5 3. Nf3 Nc6 4. d4 g6 5. d5 Nce7 6. c5 Bg7 7. Qa4+ Kf8 8. cxd6 cxd6 9. e4 f5 10. Be2 Nf6 11. O-O h6 12. Nd2 g5 13. Qa3 a6 14. Nc4 Ne8 15. Be3 b5 16. Nxb5 axb5 17. Qxa8 bxc4 18. Qa7 Nf6 19. f3 g4 20. fxg4 f4 21. Bb6 Qe8 22. Bf3 Bxg4 23. Qc7 Bxf3 24. gxf3 Qg6+ 25. Kf2 Nxe4+ 26. fxe4 Bf6 27. Qxc4 Kf7 28. Rg1 Qh5 29. Qe2 Qh3 30. Qf3 Qxh2+ 31. Rg2 Qh4+ 32. Kg1 Rg8 33. Rxg8 Nxg8 34. Bf2 Qg5+ 35. Kh1 h5 36. Rg1 Qh6 37. Qh3 Ne7 38. Qe6+ Ke8 39. Rg8+ 1-0

[Event "Chinese Chess League 2019"]
[Site "Shen Yang"]
[Date "2019.11.22"]
[Round "17.24"]
[White "Javakhishvili, Lela"]
[Black "Li, Yunshan"]
[Result "1-0"]
[ECO "A33"]
[WhiteElo "2457"]
[BlackElo "2287"]
[Annotator "ChessBase"]
[PlyCount "79"]
[EventDate "2019.04.09"]
[EventType "team-tourn"]
[EventCountry "CHN"]
[SourceTitle "playchess.com"]
[Source "ChessBase"]
[SourceQuality "1"]
[TimeControl "5400+30"]

1. Nf3 Nf6 2. c4 c5 3. d4 cxd4 4. Nxd4 e5 5. Nb5 Nc6 6. N1c3 d6 7. Bg5 a6 8. Na3 Be7 9. e3 Be6 10. Be2 O-O 11. O-O Qa5 12. Bxf6 Bxf6 13. Nd5 Bg5 14. Qb3 Rab8 15. Rfd1 Rfd8 16. Rac1 Ne7 17. Bf3 Ng6 18. g3 f5 19. h4 Bh6 20. h5 Nf8 21. Nc2 Nd7 22. a3 Rf8 23. Qb4 Qxb4 24. Ncxb4 Kf7 25. Nc7 Rfc8 26. Nxe6 Kxe6 27. Rc2 g6 28. hxg6 hxg6 29. Bd5+ Kf6 30. Kg2 a5 31. Na2 b5 32. b4 axb4 33. Nxb4 bxc4 34. Rxc4 Nc5 35. Rh4 Bg7 36. Ba2 Bf8 37. Nd5+ Kg7 38. Rdh1 g5 39. Rh7+ Kg6 40. Ne7+ 1-0

[Event "Chinese Chess League 2019"]
[Site "Shen Yang"]
[Date "2019.11.22"]
[Round "17.25"]
[White "Huang, Qian"]
[Black "Lagno, Kateryna"]
[Result "1/2-1/2"]
[ECO "A16"]
[WhiteElo "2427"]
[BlackElo "2549"]
[Annotator "ChessBase"]
[PlyCount "60"]
[EventDate "2019.04.09"]
[EventType "team-tourn"]
[EventCountry "CHN"]
[SourceTitle "playchess.com"]
[Source "ChessBase"]
[SourceQuality "1"]
[TimeControl "5400+30"]

1. c4 Nf6 2. Nc3 g6 3. e4 e5 4. Nf3 Bg7 5. Nxe5 O-O 6. Nf3 Re8 7. d3 d5 8. cxd5 Nxd5 9. Nxd5 Qxd5 10. Be2 Qd6 11. O-O c5 12. e5 Qd5 13. Be3 Nc6 14. Rc1 Nxe5 15. Rxc5 Qxa2 16. Nxe5 Rxe5 17. Rc7 Re8 18. d4 Be6 19. Bf3 Rad8 20. Rxb7 Bd5 21. Bxd5 Qxd5 22. Rxa7 Bxd4 23. Bxd4 Qxd4 24. Qxd4 Rxd4 25. Rb7 Re2 26. g3 Rdd2 27. Kg2 Rxb2 28. Rxb2 Rxb2 29. h4 h5 30. Rc1 Kg7 1/2-1/2

[Event "Chinese Chess League 2019"]
[Site "Shen Yang"]
[Date "2019.11.22"]
[Round "17.29"]
[White "Li, Xueyi"]
[Black "Shen, Yang"]
[Result "1/2-1/2"]
[ECO "D27"]
[WhiteElo "2270"]
[BlackElo "2410"]
[Annotator "ChessBase"]
[PlyCount "61"]
[EventDate "2019.04.09"]
[EventType "team-tourn"]
[EventCountry "CHN"]
[SourceTitle "playchess.com"]
[Source "ChessBase"]
[SourceQuality "1"]
[TimeControl "5400+30"]

1. d4 d5 2. c4 dxc4 3. Nf3 Nf6 4. e3 e6 5. Bxc4 c5 6. O-O a6 7. Nc3 Nc6 8. Bb3 Be7 9. Qe2 cxd4 10. Rd1 e5 11. exd4 exd4 12. Ne5 Nxe5 13. Qxe5 Qd6 14. Qxd6 Bxd6 15. Rxd4 Be5 16. Rb4 O-O 17. Bf4 a5 18. Rc4 Bxf4 19. Rxf4 Ra6 20. Re1 Be6 21. Bxe6 Rxe6 22. Rxe6 fxe6 23. Ra4 b6 24. Kf1 Rc8 25. Ke2 Kf7 26. Kd3 Ke7 27. Rc4 Rd8+ 28. Rd4 Rc8 29. Rc4 Rd8+ 30. Rd4 Rc8 31. Rc4 1/2-1/2

[Event "Chinese Chess League 2019"]
[Site "Shen Yang"]
[Date "2019.11.22"]
[Round "17.30"]
[White "Dzagnidze, Nana"]
[Black "Guo, Qi"]
[Result "1/2-1/2"]
[ECO "D27"]
[WhiteElo "2502"]
[BlackElo "2403"]
[Annotator "ChessBase"]
[PlyCount "73"]
[EventDate "2019.04.09"]
[EventType "team-tourn"]
[EventCountry "CHN"]
[SourceTitle "playchess.com"]
[Source "ChessBase"]
[SourceQuality "1"]
[TimeControl "5400+30"]

1. c4 e6 2. Nf3 d5 3. e3 Nf6 4. Nc3 c5 5. d4 dxc4 6. Bxc4 a6 7. O-O b5 8. Be2 Bb7 9. b3 Nbd7 10. Bb2 Be7 11. a4 cxd4 12. Nxd4 b4 13. Nb1 O-O 14. Nd2 a5 15. Bf3 Nd5 16. Rc1 Bf6 17. Nc4 Qb8 18. Nb5 Ne5 19. Bxe5 Bxe5 20. Nxe5 Qxe5 21. Rc5 Rac8 22. Qd4 Qb8 23. Na7 e5 24. Rxc8 Rxc8 25. Qd3 Qxa7 26. Bxd5 Bxd5 27. Qxd5 Qc5 28. Qd7 Qc7 29. Qxc7 Rxc7 30. Rd1 f6 31. Kf1 Rc3 32. Rd5 Rxb3 33. Rxa5 Ra3 34. Ra8+ Kf7 35. a5 b3 36. Rb8 Rxa5 37. Rxb3 1/2-1/2

[Event "Chinese Chess League 2019"]
[Site "Shen Yang"]
[Date "2019.11.23"]
[Round "18.3"]
[White "Zhao, Jun"]
[Black "Chen, Qi b"]
[Result "1/2-1/2"]
[ECO "D30"]
[WhiteElo "2641"]
[BlackElo "2436"]
[Annotator "ChessBase"]
[PlyCount "60"]
[EventDate "2019.04.09"]
[EventType "team-tourn"]
[EventCountry "CHN"]
[SourceTitle "playchess.com"]
[Source "ChessBase"]
[SourceQuality "1"]
[TimeControl "5400+30"]

1. d4 Nf6 2. c4 e6 3. Nf3 d5 4. Bg5 dxc4 5. Qa4+ Nbd7 6. Nc3 a6 7. e3 Be7 8. Bxc4 O-O 9. Qc2 h6 10. Bxf6 Nxf6 11. O-O b5 12. Bd3 Bb7 13. Ne4 Rc8 14. Rfd1 c5 15. Nxf6+ gxf6 16. dxc5 Qa5 17. Qb1 Qb4 18. Nd4 f5 19. a4 bxa4 20. c6 Bxc6 21. Bxa6 Be4 22. Qa2 Ra8 23. Bc4 a3 24. bxa3 Rxa3 25. Qxa3 Qxa3 26. Rxa3 Bxa3 27. Bd3 Ba8 28. Be2 Rd8 29. Nc2 Rxd1+ 30. Bxd1 Bc5 1/2-1/2

[Event "Chinese Chess League 2019"]
[Site "Shen Yang"]
[Date "2019.11.23"]
[Round "18.4"]
[White "Shen, Yang"]
[Black "Ning, Kaiyu"]
[Result "0-1"]
[ECO "D00"]
[WhiteElo "2410"]
[BlackElo "2330"]
[Annotator "ChessBase"]
[PlyCount "170"]
[EventDate "2019.04.09"]
[EventType "team-tourn"]
[EventCountry "CHN"]
[SourceTitle "playchess.com"]
[Source "ChessBase"]
[SourceQuality "1"]
[TimeControl "5400+30"]

1. d4 d5 2. Bf4 c5 3. e3 Nc6 4. c3 Nf6 5. Nd2 Bf5 6. Qb3 Qc8 7. dxc5 e6 8. Ngf3 Bxc5 9. Nd4 Bg6 10. Bb5 O-O 11. Bxc6 bxc6 12. Qa4 Bxd4 13. cxd4 Bd3 14. Rc1 Bb5 15. Qd1 a5 16. a4 Ba6 17. f3 Nd7 18. Qc2 Bb7 19. O-O f6 20. Bd6 Re8 21. f4 f5 22. Be5 Qd8 23. Qc3 Nb6 24. b3 Nd7 25. Rc2 Rc8 26. b4 Ba6 27. Rfc1 Nxe5 28. dxe5 g5 29. Qd4 gxf4 30. exf4 axb4 31. Qxb4 Qc7 32. Qd4 Re7 33. Rc3 Rg7 34. Qc5 Qf7 35. Qb6 Bb7 36. Rg3 Rxg3 37. hxg3 Qg7 38. Nf3 Qe7 39. Rc5 Ra8 40. a5 Ra6 41. Qb4 h6 42. Nd4 Kf7 43. Kf2 Ba8 44. Qc3 Qb7 45. Nc2 Qc7 46. Kg1 h5 47. Nd4 Ke7 48. Qa3 Kd7 49. Nb3 Ra7 50. Rc1 Ke8 51. Ra1 Bb7 52. Nc5 Bc8 53. Qf3 Qf7 54. Kf2 Kd8 55. Qb3 Qc7 56. Qb4 Ke8 57. Ra4 Ra8 58. Qb6 Kd8 59. Qb4 Ke8 60. Qb6 Kd8 61. Ke3 Rb8 62. Qxc7+ Kxc7 63. a6 Ra8 64. Kd4 Kb6 65. Ra1 Bxa6 66. Nxe6 Rg8 67. Nc5 Bc8 68. Ra3 Rg6 69. Re3 Rg8 70. e6 Rd8 71. Re1 Kc7 72. Ke5 d4 73. e7 Re8 74. Kf6 Kd6 75. Kf7 Rxe7+ 76. Rxe7 Kxc5 77. Rc7 Ba6 78. Kf6 Bd3 79. Ke5 Be4 80. Rh7 d3 81. Rxh5 d2 82. Rh1 Bc2 83. g4 fxg4 84. f5 d1=Q 85. Rxd1 Bxd1 {[%emt 0:00:03] Kd4+} 0-1

[Event "Chinese Chess League 2019"]
[Site "Shen Yang"]
[Date "2019.11.23"]
[Round "18.9"]
[White "Li, Yunshan"]
[Black "Dzagnidze, Nana"]
[Result "1/2-1/2"]
[ECO "A90"]
[WhiteElo "2287"]
[BlackElo "2502"]
[Annotator "ChessBase"]
[PlyCount "149"]
[EventDate "2019.04.09"]
[EventType "team-tourn"]
[EventCountry "CHN"]
[SourceTitle "playchess.com"]
[Source "ChessBase"]
[SourceQuality "1"]
[TimeControl "5400+30"]

1. d4 e6 2. c4 f5 3. g3 Nf6 4. Bg2 Bb4+ 5. Bd2 Qe7 6. Nf3 O-O 7. O-O Bxd2 8. Qxd2 Ne4 9. Qd3 d6 10. e3 Nd7 11. Nc3 Ndf6 12. Nd2 Nxc3 13. Qxc3 e5 14. c5 e4 15. cxd6 cxd6 16. Rfc1 Be6 17. Qc7 Qxc7 18. Rxc7 Rfc8 19. Rac1 Rxc7 20. Rxc7 Rc8 21. Rxc8+ Bxc8 22. f3 d5 23. h3 Kf8 24. f4 Ke7 25. Kf2 Bd7 26. Bf1 h6 27. Be2 Kd6 28. Ke1 Ba4 29. b3 Be8 30. Nf1 Kc6 31. Kd2 Bd7 32. Kc3 g6 33. Kb4 Kb6 34. a4 Kc7 35. Nd2 Kd6 36. Kc3 g5 37. Nf1 Kc7 38. Kb4 Kd6 39. Kc3 Be8 40. Kb4 Kc7 41. Bd1 Kb6 42. a5+ Kc6 43. Be2 Kd6 44. Bd1 Ng8 45. Be2 Ne7 46. Kc3 a6 47. b4 Ng8 48. g4 Bd7 49. Nh2 gxf4 50. exf4 Ne7 51. Kd2 Nc6 52. Kc3 Ne7 53. Kd2 Ke6 54. Nf1 Kf6 55. Ne3 Bc6 56. Nd1 Nc8 57. Nc3 Nd6 58. Ke3 fxg4 59. hxg4 h5 60. Kf2 hxg4 61. Bxg4 Nc4 62. Nd1 Na3 63. Ne3 Nb5 64. Nc2 Be8 65. Ke3 Bf7 66. Kd2 Be6 67. Be2 Nc7 68. Ne3 Bd7 69. Bd1 Ke7 70. Bb3 Kd6 71. f5 Bc6 72. Ng4 Bd7 73. Ne3 Bb5 74. Ng4 Bd7 75. Ne3 {[%emt 0:12:23] Ke5 Ng4+} 1/2-1/2